AoeStats
← CapitanCaster

Arabia

504006113Analyzed
1v1 RM · 1mo ago on Sep 3, 2026· 14m 45s· 2 players
Game mode
Random Map
Map size
Tiny (2 player)
Population
200
Speed
Normal
Resources
Standard
Victory
Conquest
Starting age
Dark Age
Ending age
Imperial Age
RankedLock teamsTeams togetherTeam positionsShared explorationLock speedFull tech treeHidden civsTurbo modeCheats
Victory
Defeat
🇧🇿 Huns · Belize
1125
+13
🇪🇸 Maya · Spain
1068
-13
CapitanCaster
0:26 Loom
11:15 Feudal Age
12:32 Double-Bit Axe
rrhaburn14
10:28 Feudal Age
10:29 Man-at-Arms
10:56 Arson
11:00 Loom
11:15 Double-Bit Axe
Connection lost

Rejoining the realm…

Still unreachable

The connection could not be restored.

Session expired

The server has moved on; the page needs a fresh start.